 Dungeon Crawl Stone Soup version 0.25-a0-860-gf695395 (webtiles) character file.

Game seed: 16870139817899511085, levelgen mode: deterministic

221 Faca the Cudgeler (level 5, -2/46 HPs)
             Began as a Demigod Gladiator on Apr 27, 2020.
             Killed by divine providence
             ... invoked by an orc priest
              (16 damage)
             ... on level 4 of the Dungeon.
             The game lasted 00:03:59 (3326 turns).

Faca the Cudgeler (Demigod Gladiator)               Turns: 3326, Time: 00:04:00

Health: -2/46      AC:  8    Str: 19    XL:     5   Next: 38%
Magic:  7/7        EV: 11    Int: 12    God:
Gold:   234        SH:  0    Dex: 17    Spells: 4/4 levels left

rFire    . . .     SeeInvis .   a - +1 flail
rCold    . . .     Gourm    .   (no shield)
rNeg     . . .     Faith    .   j - +0 scale mail
rPois    .         Spirit   .   c - +0 helmet
rElec    .         Reflect  .   (no cloak)
rCorr    .         Harm     .   h - +0 pair of gloves
MR       .....                  (no boots)
Stlth    +.........             (no amulet)
HPRegen  0.15/turn              l - ring of stealth
MPRegen  0.10/turn              (no ring)

@: no status effects
A: high mp 1
a: no special abilities


You were on level 4 of the Dungeon.
You were not hungry.

You visited 1 branch of the dungeon, and saw 4 of its levels.

You collected 234 gold pieces.

Inventory:

Hand Weapons
 a - a +1 flail (weapon)
Missiles
 d - 3 throwing nets (quivered)
Armour
 c - a +0 helmet (worn)
 h - a +0 pair of gloves (worn)
 j - a +0 scale mail (worn)
Jewellery
 l - a ring of stealth (left hand)
Scrolls
 b - a scroll of enchant weapon
 i - a scroll of random uselessness {unknown}
 k - 6 scrolls of teleportation
 m - 3 scrolls of identify
Potions
 e - a potion of might {unknown}
 g - a potion of curing
Comestibles
 f - 5 rations


   Skills:
 + Level 4.0 Fighting
 + Level 4.5 Maces & Flails
 - Level 1.7 Throwing
 - Level 2.6 Dodging


You had 4 spell levels left.
You didn't know any spells.
Your spell library was empty.

Dungeon Overview and Level Annotations

Branches:
Dungeon (4/15)
 Temple: D:4-7

Annotations:
D:3 2 transporters


Innate Abilities, Weirdness & Mutations

You have an increased reservoir of magic. (+10% MP)


Message History

The orc wizard is lightly wounded.
The orc priest calls down the wrath of Beogh upon you.
Beogh smites you!
The orc wizard hits you but does no damage.
You closely miss the orc wizard.
The orc wizard is lightly wounded.
The orc wizard barely misses you.
You hit the orc wizard but do no damage.
The orc wizard gestures at you while chanting.
The puff of frost misses you.
Okay, then.
The orc wizard gestures at you while chanting.
The puff of frost hits you.
The orc wizard gestures at you while chanting.
The magic dart hits you.
The orc wizard gestures at you while chanting.
The puff of frost hits you.
The orc priest mumbles some strange prayers to Beogh against you.
Beogh smites you!
You die...

#...##.#......#
.....#†.....#.#
#...##.....##.#
##.###.....##.#
...........##.#
##.###.....##.####
#+# #..<........#
#####.#####.# #.#
#@# # #.# # #.#
+...#####o#
#..oo.oo#
###.#...# # #...#
##.## #.#


You could see an orc priest, an orc wizard and an orc.

Vanquished Creatures
  An ogre (D:3)
  2 worker ants (D:4)
  A howler monkey skeleton (D:4)
  An adder (D:3)
  An adder skeleton (D:4)
  A worm (D:2)
  A dart slug (D:1)
  3 leopard geckos
  3 orcs (D:3)
  3 ball pythons
  10 bats
  7 goblins
  6 hobgoblins
  2 jackals (D:4)
  A quokka (D:2)
  3 frilled lizards
  6 kobolds
  5 rats (D:1)
57 creatures vanquished.

Notes
Turn   | Place    | Note
-------+----------+-------------------------------------------
     0 | D:1      | Faca the Demigod Gladiator began the quest for the Orb.
     0 | D:1      | Reached XP level 1. HP: 17/17 MP: 3/3
   186 | D:1      | Reached XP level 2. HP: 10/24 MP: 4/4
   712 | D:1      | Reached XP level 3. HP: 30/30 MP: 5/5
  2094 | D:3      | Found a transporter.
  2289 | D:3      | Found a transporter.
  2375 | D:3      | Noticed an ogre
  2390 | D:3      | Killed an ogre
  2390 | D:3      | Reached XP level 4. HP: 4/39 MP: 6/6
  3164 | D:4      | Reached XP level 5. HP: 39/46 MP: 7/7
  3326 | D:4      | Killed from afar by an orc priest

Levels and vault maps discovered:
D:1:      dpeg_arrival_round_a, layout_basic, minmay_ruptured
D:2:      layout_loops_ring, first_ration, kennysheep_generic_room_5
D:3:      gammafunk_wand_slinger, layout_basic
D:4:      layout_loops_corners, chequers_serial_rivers_small_b, uniq_ijyb

Skill      XL: |  1  2  3  4  5 |
---------------+----------------+-----
Fighting       | 2 3 4 |  4.0
Maces & Flails | 3 4 |  4.5
Throwing       | |  1.7
Dodging        | |  2.6

Action                   |  1- 3 |  4- 6 || total
-------------------------+-------+-------++-------
Melee: Flail             |   134 |    30 ||   164
Throw: Throwing net      |     2 |       ||     2
  Use: Scroll            |     5 |       ||     5
 Stab: Sleeping          |     2 |       ||     2
  Eat: Chunk             |     1 |     3 ||     4
       Ration            |     1 |       ||     1
Armor: Ring mail         |    57 |     2 ||    59
       Leather armour    |     3 |       ||     3
       Skin              |     2 |       ||     2
       Scale mail        |       |     9 ||     9
Dodge: Dodged            |    75 |    18 ||    93

Table legend:
 A = Non-vault XP
 B = Vault XP
 C = Vault XP percentage of total XP
 D = Non-vault monster count
 E = Vault monster count
 F = Vault count percentage of total count
                 A         B        C        D         E       F
            +---------+---------+-------+---------+---------+-------
      Total |     309 |       8 |   2.5 |      51 |       6 |  10.5
            +---------+---------+-------+---------+---------+-------
        D:1 |      48 |       6 |  11.1 |      27 |       4 |  12.9
        D:2 |      17 |       2 |  10.5 |       7 |       2 |  22.2
        D:3 |     149 |       0 |   0.0 |      11 |       0 |   0.0
        D:4 |      95 |       0 |   0.0 |       6 |       0 |   0.0
            +---------+---------+-------+---------+---------+-------
